| TOP OF THE 1ST |
|
Baltimore (APP) Orioles batting - Pitching for Princeton Rays : RHP Jose Robles
|
|
Pitching: RHP Jose Robles
|
|
|
Batting: RHB Jeremy Sipe
|
0-0: Bunt for hit to 13 - play at first, batter safe!
|
|
Batting: LHB Rodolfo Montes
|
0-0: Ball 1-0: Called Strike 1-1: Swinging Strike 1-2: Ball 2-2: Foul Ball, location: 2F 2-2: Foul Ball, location: 2F 2-2: Strikes out looking
|
|
Batting: RHB Mike Zepeda
|
0-0: Ball 1-0: Ball 2-0: Called Strike 2-1: Ball 3-1: Swinging Strike 3-2: Strikes out swinging
|
|
Batting: LHB Justin Alworth
|
0-0: Ball 1-0: Ball 2-0: Called Strike 2-1: Foul Ball, location: 2F 2-2: Strikes out looking
|
| Top of the 1st over - 0 runs, 1 hit, 0 errors, 1 left on base; Baltimore (APP) 0 - Princeton 0 |
| BOTTOM OF THE 1ST |
|
Princeton Rays batting - Pitching for Baltimore (APP) Orioles : RHP Steve Webb
|
|
Pitching: RHP Steve Webb
|
|
|
Batting: SHB Chris Lockart
|
0-0: Ball 1-0: Ground out 5-3 (Groundball, 56S, EV 87.5 MPH)
|
|
Batting: RHB Kunizo Yanagisawa
|
0-0: Ball 1-0: Called Strike 1-1: SINGLE (Groundball, 34D, EV 98.1 MPH) (infield hit)
|
|
Batting: SHB Lou Kroneman
|
0-0: Foul Ball, location: 2F 0-1: Called Strike 0-2: Ball 1-2: SINGLE (Groundball, 4, EV 97.5 MPH) Kunizo Yanagisawa to second
|
|
Batting: RHB Wil Urban
|
0-0: 3-RUN HOME RUN (Line Drive, 78XD, EV 105.6 MPH), Distance : 413 ft
|
|
Batting: RHB Dan Marks
|
0-0: Ball 1-0: Fly out, F8 (Flyball, 89D, EV 96.9 MPH)
|
|
Batting: SHB Wayne Hattan
|
0-0: Ball 1-0: Ball 2-0: Called Strike 2-1: Ground out 4-3 (Groundball, 4, EV 100.6 MPH)
|
| Bottom of the 1st over - 3 runs, 3 hits, 0 errors, 0 left on base; Baltimore (APP) 0 - Princeton 3 |
| TOP OF THE 2ND |
|
Baltimore (APP) Orioles batting - Pitching for Princeton Rays : RHP Jose Robles
|
|
Batting: RHB Alex Valencia
|
0-0: Swinging Strike 0-1: Ball 1-1: Called Strike 1-2: Ground out 5-3 (Groundball, 56, EV 87.5 MPH)
|
|
Batting: RHB Matt O'Dea
|
0-0: Ball 1-0: Called Strike 1-1: Swinging Strike 1-2: Foul Ball, location: 2F 1-2: Strikes out swinging
|
|
Batting: RHB Fernando Bravo
|
0-0: Called Strike 0-1: Ground out 5-3 (Groundball, 5L, EV 111.2 MPH)
|
| Top of the 2nd over - 0 runs, 0 hits, 0 errors, 0 left on base; Baltimore (APP) 0 - Princeton 3 |
| BOTTOM OF THE 2ND |
|
Princeton Rays batting - Pitching for Baltimore (APP) Orioles : RHP Steve Webb
|
|
Batting: RHB Jim Erdody
|
0-0: Ground out 4-3 (Groundball, 34D, EV 108.8 MPH)
|
|
Batting: RHB Bazyli Andrysiak
|
0-0: Swinging Strike 0-1: Swinging Strike 0-2: Ball 1-2: Ball 2-2: Strikes out swinging
|
|
Batting: RHB Jim Lind
|
0-0: Called Strike 0-1: Ball 1-1: Ball 2-1: Ground out 5-3 (Groundball, 56S, EV 88.1 MPH)
|
| Bottom of the 2nd over - 0 runs, 0 hits, 0 errors, 0 left on base; Baltimore (APP) 0 - Princeton 3 |
| TOP OF THE 3RD |
|
Baltimore (APP) Orioles batting - Pitching for Princeton Rays : RHP Jose Robles
|
|
Batting: LHB Tomas de Zeeuw
|
0-0: Ball 1-0: Ball 2-0: Foul Ball, location: 2F 2-1: Ball 3-1: Called Strike 3-2: Strikes out looking
|
|
Batting: RHB Ioan Biros
|
0-0: Ball 1-0: Ball 2-0: Ball 3-0: Base on Balls
|
|
Batting: RHB Jeremy Sipe
|
0-0: Foul Ball, location: 2F 0-1: Foul Ball, location: 2F 0-2: Fielders Choice at 2nd, 5-4 (Groundball, 56, EV 84.4 MPH)
|
|
Batting: LHB Rodolfo Montes
|
0-0: Ball 1-0: Foul Ball, location: 2F 1-1: Ball Jeremy Sipe steals 2nd base (no throw) 2-1: Foul Ball, location: 2F 2-2: Strikes out swinging
|
| Top of the 3rd over - 0 runs, 0 hits, 0 errors, 1 left on base; Baltimore (APP) 0 - Princeton 3 |
| BOTTOM OF THE 3RD |
|
Princeton Rays batting - Pitching for Baltimore (APP) Orioles : RHP Steve Webb
|
|
Batting: SHB Chris Lockart
|
0-0: Foul Ball, location: 2F 0-1: Called Strike 0-2: Ball 1-2: Foul Ball, location: 2F 1-2: Ball 2-2: Strikes out swinging
|
|
Batting: RHB Kunizo Yanagisawa
|
0-0: Ball 1-0: Ball 2-0: Called Strike 2-1: Foul Ball, location: 2F 2-2: Ball 3-2: Strikes out swinging
|
|
Batting: SHB Lou Kroneman
|
0-0: SINGLE (Groundball, 6MS, EV 71.9 MPH) (infield hit)
|
|
Batting: RHB Wil Urban
|
0-0: Swinging Strike 0-1: Ball 1-1: Swinging Strike 1-2: Strikes out swinging
|
| Bottom of the 3rd over - 0 runs, 1 hit, 0 errors, 1 left on base; Baltimore (APP) 0 - Princeton 3 |
| TOP OF THE 4TH |
|
Baltimore (APP) Orioles batting - Pitching for Princeton Rays : RHP Jose Robles
|
|
Batting: RHB Mike Zepeda
|
0-0: Foul Ball, location: 2F 0-1: Ball 1-1: Ball 2-1: Called Strike 2-2: Foul Ball, location: 2F 2-2: Foul Ball, location: 2F 2-2: Ball 3-2: Ground out 4-3 (Groundball, 4, EV 101.2 MPH)
|
|
Batting: LHB Justin Alworth
|
0-0: Ball 1-0: Foul Ball, location: 2F 1-1: Ball 2-1: Ball 3-1: Base on Balls
|
|
Batting: RHB Alex Valencia
|
0-0: Fly out, F3 (Popup, 23, EV 80.6 MPH)
|
|
Batting: RHB Matt O'Dea
|
0-0: Called Strike 0-1: Ball 1-1: Foul Ball, location: 2F 1-2: Strikes out swinging
|
| Top of the 4th over - 0 runs, 0 hits, 0 errors, 1 left on base; Baltimore (APP) 0 - Princeton 3 |
| BOTTOM OF THE 4TH |
|
Princeton Rays batting - Pitching for Baltimore (APP) Orioles : RHP Steve Webb
|
|
Batting: RHB Dan Marks
|
0-0: Swinging Strike 0-1: Foul Ball, location: 2F 0-2: Ball 1-2: Ball 2-2: Foul Ball, location: 2F 2-2: Strikes out swinging
|
|
Batting: SHB Wayne Hattan
|
0-0: Fly out, F8 (Flyball, 8LXD, EV 100.6 MPH)
|
|
Batting: RHB Jim Erdody
|
0-0: Ball 1-0: DOUBLE (Flyball, 89D, EV 84.4 MPH)
|
|
Batting: RHB Bazyli Andrysiak
|
0-0: Ball 1-0: Swinging Strike 1-1: SINGLE (Groundball, 6D, EV 101.9 MPH) Jim Erdody to third Runner from 3rd tries for Home, SAFE, throw by CF to home Bazyli Andrysiak to second
|
|
Batting: RHB Jim Lind
|
0-0: Foul Ball, location: 2F 0-1: Called Strike 0-2: Foul Ball, location: 2F 0-2: Strikes out swinging
|
| Bottom of the 4th over - 1 run, 2 hits, 0 errors, 1 left on base; Baltimore (APP) 0 - Princeton 4 |
| TOP OF THE 5TH |
|
Baltimore (APP) Orioles batting - Pitching for Princeton Rays : RHP Jose Robles
|
|
Batting: RHB Fernando Bravo
|
0-0: SINGLE (Line Drive, 9LS, EV 93.1 MPH)
|
|
Batting: LHB Tomas de Zeeuw
|
0-0: Ball 1-0: Called Strike 1-1: Called Strike 1-2: Foul Ball, location: 2F 1-2: Strikes out looking
|
|
Batting: RHB Ioan Biros
|
0-0: Called Strike 0-1: Ball 1-1: Ball 2-1: Ball 3-1: Swinging Strike 3-2: Strikes out swinging Fernando Bravo is caught stealing 2nd base 2-4 Batter strikes out.
|
| Top of the 5th over - 0 runs, 1 hit, 0 errors, 0 left on base; Baltimore (APP) 0 - Princeton 4 |
| BOTTOM OF THE 5TH |
|
Princeton Rays batting - Pitching for Baltimore (APP) Orioles : RHP Steve Webb
|
|
Batting: SHB Chris Lockart
|
0-0: Ball 1-0: Swinging Strike 1-1: Called Strike 1-2: Foul Ball, location: 2F 1-2: Ground out 6-3 (Groundball, 6, EV 84.4 MPH)
|
|
Batting: RHB Kunizo Yanagisawa
|
0-0: Foul Ball, location: 2F 0-1: Foul Ball, location: 2F 0-2: Ball 1-2: Foul Ball, location: 2F 1-2: Strikes out looking
|
|
Batting: SHB Lou Kroneman
|
0-0: Ball 1-0: Ball 2-0: Ball 3-0: Base on Balls
|
|
Batting: RHB Wil Urban
|
0-0: Called Strike 0-1: Fly out, F9 (Flyball, 9D, EV 74.4 MPH)
|
| Bottom of the 5th over - 0 runs, 0 hits, 0 errors, 1 left on base; Baltimore (APP) 0 - Princeton 4 |
| TOP OF THE 6TH |
|
Baltimore (APP) Orioles batting - Pitching for Princeton Rays : RHP Jose Robles
|
|
Batting: RHB Jeremy Sipe
|
0-0: Ball 1-0: Swinging Strike 1-1: Swinging Strike 1-2: Ball 2-2: Ball 3-2: SINGLE (Line Drive, 78S, EV 95.0 MPH)
|
|
Batting: LHB Rodolfo Montes
|
0-0: Called Strike 0-1: Ball 1-1: Fly out, F8 (Flyball, 8LD, EV 101.9 MPH)
|
|
Batting: RHB Mike Zepeda
|
0-0: Ball 1-0: Swinging Strike 1-1: DOUBLE (Line Drive, 9LD, EV 109.4 MPH) Jeremy Sipe to third Runner from 3rd tries for Home, SAFE, no throw by RF
|
|
Batting: LHB Justin Alworth
|
0-0: Ball 1-0: Ball 2-0: Called Strike 2-1: Fly out, F9 (Flyball, 9LM, EV 80.0 MPH)
|
|
Batting: RHB Alex Valencia
|
0-0: Foul Ball, location: 2F 0-1: Foul Ball, location: 2F 0-2: Ball 1-2: Foul Ball, location: 2F 1-2: Ball 2-2: Foul Ball, location: 2F 2-2: Ball 3-2: Base on Balls
|
|
Batting: RHB Matt O'Dea
|
0-0: Ball 1-0: Swinging Strike 1-1: Foul Ball, location: 2F 1-2: Ball 2-2: Strikes out looking
|
| Top of the 6th over - 1 run, 2 hits, 0 errors, 2 left on base; Baltimore (APP) 1 - Princeton 4 |
| BOTTOM OF THE 6TH |
|
Princeton Rays batting - Pitching for Baltimore (APP) Orioles : RHP Steve Webb
|
|
Pitching: LHP Freddy Gutierrez
|
|
|
Batting: RHB Dan Marks
|
0-0: Ball 1-0: Called Strike 1-1: Called Strike 1-2: Foul Ball, location: 2F 1-2: Ball 2-2: Ball 3-2: Foul Ball, location: 2F 3-2: Base on Balls
|
|
Batting: SHB Wayne Hattan
|
0-0: Ball 1-0: Called Strike 1-1: Called Strike 1-2: Strikes out looking
|
|
Batting: RHB Jim Erdody
|
0-0: Called Strike 0-1: Ball 1-1: Called Strike 1-2: Foul Ball, location: 2F 1-2: Ball 2-2: Ball 3-2: SINGLE (Groundball, 6MD, EV 105.0 MPH) Dan Marks to second
|
|
Batting: RHB Bazyli Andrysiak
|
0-0: Called Strike 0-1: Grounds into double play, 3-6-1 (Groundball, 3, EV 100.0 MPH)
|
| Bottom of the 6th over - 0 runs, 1 hit, 0 errors, 1 left on base; Baltimore (APP) 1 - Princeton 4 |
| TOP OF THE 7TH |
|
Baltimore (APP) Orioles batting - Pitching for Princeton Rays : RHP Jose Robles
|
|
Batting: RHB Fernando Bravo
|
0-0: Ball 1-0: Called Strike 1-1: Ball 2-1: SINGLE (Groundball, 4D, EV 95.0 MPH)
|
|
Batting: LHB Tomas de Zeeuw
|
0-0: Swinging Strike 0-1: DOUBLE (Line Drive, 8LXD, EV 110.0 MPH) Fernando Bravo to third
|
|
Batting: RHB Ioan Biros
|
0-0: Ball 1-0: Called Strike 1-1: Foul Ball, location: 2F 1-2: Ball 2-2: Ground out 5-3 (Groundball, 56, EV 90.6 MPH) Fernando Bravo scores
|
|
Pitching: RHP Cody Wilharm
|
|
|
Batting: RHB Jeremy Sipe
|
0-0: Called Strike 0-1: Ball 1-1: 2-RUN HOME RUN (Flyball, 7LD, EV 89.4 MPH), Distance : 334 ft
|
|
Batting: LHB Rodolfo Montes
|
0-0: Ball 1-0: Ball 2-0: Reached on error, E6 (Groundball, 6, EV 83.1 MPH)
|
|
Batting: RHB Mike Zepeda
|
0-0: Ball 1-0: Foul Ball, location: 2F 1-1: Foul Ball, location: 2F 1-2: Ball 2-2: Ball 3-2: Base on Balls Rodolfo Montes to second
|
|
Batting: LHB Justin Alworth
|
0-0: Fly out, F8 (Flyball, 89M, EV 89.4 MPH)
|
|
Batting: RHB Alex Valencia
|
0-0: Called Strike 0-1: Ball 1-1: Foul Ball, location: 2F 1-2: Ground out 1-3 (Groundball, 13S, EV 69.4 MPH)
|
| Top of the 7th over - 3 runs, 3 hits, 1 error, 2 left on base; Baltimore (APP) 4 - Princeton 4 |
| BOTTOM OF THE 7TH |
|
Princeton Rays batting - Pitching for Baltimore (APP) Orioles : LHP Freddy Gutierrez
|
|
Pitching: RHP Frank Caillouet
|
|
|
Batting: RHB Jim Lind
|
0-0: Ball 1-0: Swinging Strike 1-1: Ball 2-1: Foul Ball, location: 2F 2-2: Strikes out swinging
|
|
Batting: SHB Chris Lockart
|
0-0: Called Strike 0-1: Swinging Strike 0-2: Ball 1-2: Ball 2-2: Ball 3-2: Foul Ball, location: 2F 3-2: Strikes out swinging
|
|
Pinch Hitting: LHB Josh Redfern
|
0-0: Called Strike 0-1: SINGLE (Groundball, 56, EV 108.8 MPH)
|
|
Batting: SHB Lou Kroneman
|
0-0: Foul Ball, location: 2F 0-1: Foul Ball, location: 2F 0-2: Ball 1-2: Ball 2-2: Ball 3-2: Strikes out swinging
|
| Bottom of the 7th over - 0 runs, 1 hit, 0 errors, 1 left on base; Baltimore (APP) 4 - Princeton 4 |
| TOP OF THE 8TH |
|
Baltimore (APP) Orioles batting - Pitching for Princeton Rays : RHP Cody Wilharm
|
|
Now in CF: Berthold Frey
|
|
|
Pinch Hitting: LHB Bill Ostlund
|
0-0: Ball 1-0: Ball 2-0: Ball 3-0: Ground out U3 (Groundball, 3S, EV 80.6 MPH)
|
|
Batting: RHB Fernando Bravo
|
0-0: Swinging Strike 0-1: Fly out, F8 (Flyball, 89M, EV 98.1 MPH)
|
|
Batting: LHB Tomas de Zeeuw
|
0-0: DOUBLE (Line Drive, 7LM, EV 105.6 MPH)
|
|
Pinch Hitting: LHB Antonio Cantu
|
0-0: Ball 1-0: Foul Ball, location: 2F 1-1: Foul Ball, location: 2F 1-2: Foul Ball, location: 2F 1-2: Ball 2-2: Ball 3-2: Ground out 4-3 (Groundball, 4S, EV 63.1 MPH)
|
| Top of the 8th over - 0 runs, 1 hit, 0 errors, 1 left on base; Baltimore (APP) 4 - Princeton 4 |
| BOTTOM OF THE 8TH |
|
Princeton Rays batting - Pitching for Baltimore (APP) Orioles : RHP Frank Caillouet
|
|
Pitching: LHP Randall Rennie
|
|
|
Now at C: Bobby White
|
|
|
Now at 1B: Antonio Cantu
|
|
|
Batting: RHB Wil Urban
|
0-0: Ball 1-0: Called Strike 1-1: Called Strike 1-2: Foul Ball, location: 2F 1-2: Strikes out swinging
|
|
Batting: RHB Dan Marks
|
0-0: Ball 1-0: SINGLE (Line Drive, 8LS, EV 110.6 MPH)
|
|
Batting: SHB Wayne Hattan
|
0-0: Ball 1-0: Foul Ball, location: 2F 1-1: SINGLE (Groundball, 34D, EV 108.8 MPH) Dan Marks to second Runner from 2nd tries for 3rd, SAFE, no throw by RF
|
|
Batting: RHB Jim Erdody
|
0-0: Ball 1-0: Reached via error on a dropped throw from 3B, E3 (Groundball, 56S, EV 88.8 MPH) Dan Marks scores Wayne Hattan to second
|
|
Pinch Runner at 2nd Chris Thorson:
|
|
|
Batting: RHB Bazyli Andrysiak
|
0-0: Foul Ball, location: 2F 0-1: Foul Ball, location: 2F 0-2: Ball 1-2: Ball 2-2: Ball 3-2: SINGLE (Groundball, 34, EV 98.8 MPH) Chris Thorson to third Jim Erdody to second Chris Thorson scores Jim Erdody to third
|
|
Batting: RHB Jim Lind
|
0-0: Called Strike 0-1: Ball 1-1: Ball 2-1: Ball 3-1: Ground out U3 (Groundball, 3, EV 92.5 MPH) Bazyli Andrysiak to second
|
|
Batting: SHB Chris Lockart
|
0-0: Called Strike 0-1: Ground out 5-3 (Groundball, 56, EV 81.9 MPH)
|
| Bottom of the 8th over - 2 runs, 3 hits, 1 error, 2 left on base; Baltimore (APP) 4 - Princeton 6 |
| TOP OF THE 9TH |
|
Baltimore (APP) Orioles batting - Pitching for Princeton Rays : RHP Cody Wilharm
|
|
Pitching: RHP John Morgan
|
|
|
Now at 1B: Rocky Crowley
|
|
|
Batting: RHB Jeremy Sipe
|
0-0: Ball 1-0: Foul Ball, location: 2F 1-1: Ground out U3 (Groundball, 34, EV 105.0 MPH)
|
|
Batting: LHB Rodolfo Montes
|
0-0: Called Strike 0-1: Ball 1-1: SINGLE (Groundball, 6MD, EV 97.5 MPH)
|
|
Batting: RHB Mike Zepeda
|
0-0: Ball 1-0: Ball 2-0: Ball 3-0: Base on Balls Rodolfo Montes to second
|
|
Batting: LHB Justin Alworth
|
0-0: Called Strike 0-1: Ball 1-1: Swinging Strike 1-2: 3-RUN HOME RUN (Flyball, 7D, EV 98.8 MPH), Distance : 382 ft
|
|
Pitching: LHP Parker Martinet
|
|
|
Batting: RHB Alex Valencia
|
0-0: Ball 1-0: Foul Ball, location: 2F 1-1: Foul Ball, location: 2F 1-2: Ball 2-2: Hit by Pitch
|
|
Batting: RHB Bobby White
|
0-0: Ball 1-0: Called Strike 1-1: Foul Ball, location: 2F 1-2: Ball 2-2: Strikes out looking
|
|
Batting: RHB Fernando Bravo
|
0-0: Ball 1-0: Fielders Choice at 2nd, 5-4 (Groundball, 5, EV 91.2 MPH)
|
| Top of the 9th over - 3 runs, 2 hits, 0 errors, 1 left on base; Baltimore (APP) 7 - Princeton 6 |
| BOTTOM OF THE 9TH |
|
Princeton Rays batting - Pitching for Baltimore (APP) Orioles : LHP Randall Rennie
|
|
Pitching: RHP Chris Kimura
|
|
|
Batting: SHB Berthold Frey
|
0-0: Called Strike 0-1: Swinging Strike 0-2: Ball 1-2: Strikes out swinging
|
|
Batting: SHB Lou Kroneman
|
0-0: Ball 1-0: Foul Ball, location: 2F 1-1: Ball 2-1: DOUBLE (Line Drive, 7LS, EV 102.5 MPH)
|
|
Batting: RHB Wil Urban
|
0-0: Ball 1-0: Swinging Strike 1-1: Ball 2-1: Foul Ball, location: 2F 2-2: Ball 3-2: Fly out, F4 (Popup, 23, EV 90.6 MPH)
|
|
Batting: RHB Dan Marks
|
0-0: Called Strike 0-1: Ball 1-1: Foul Ball, location: 2F 1-2: Ground out 6-3 (Groundball, 6, EV 78.8 MPH)
|
| Bottom of the 9th over - 0 runs, 1 hit, 0 errors, 1 left on base; Baltimore (APP) 7 - Princeton 6 |
|